cohdb
Replays
Latest Replays
All Replays
Popular Replays
Top Player Replays
Match Explorer
How It Works
Community
CoH3 Stats
Reddit
Sign in to upload your games and track your stats! →
Sign in with Steam
Match 45160971
Unlisted
Match 45160971
Overview
Messages
Build Orders
End
Selects Italian Combined Arms Battlegroup
Selects Bersaglieri Squad
Bersaglieri Squad
Panzerpioneer Squad
Bersaglieri Squad
Bersaglieri Squad
Construct Light Support Kompanie
2.5-tonne Medical Truck
Selects Bersaglieri Bolster
Bersaglieri Squad
Fire Support Elements
Selects Breda Model 30 Light Machine Guns
【嗜血狼族】灵狐魅儿
飞行的猫先森
LetMeOutNow
咖喱
Fluffwaffle
张学良
rangeman
MY:OATZ
0
0
Comments
sign in to comment!
No comments posted yet!